 Dungeon Crawl Stone Soup version 0.30-a0-465-g8901f6c8b5 (webtiles) character file.

Game seed: 11470989475685093553

1386874 Lobster4 the Planerender (level 27, 172/179 HPs)
             Began as a Human Summoner on Dec 15, 2022.
             Was the Champion of Hepliaklqana.
             Escaped with the Orb
             ... and 3 runes on Dec 18, 2022!
             The game lasted 06:44:47 (107096 turns).

Lobster4 the Planerender (Human Summoner)         Turns: 107096, Time: 06:44:47

Health: 172/179    AC: 23    Str: 11    XL:     27
Magic:  46/46      EV: 16    Int: 23    God:    Hepliaklqana [******]
Gold:   6758       SH: 18    Dex: 17    Spells: 7/57 levels left

rFire   + + .      SeeInvis .    b - +2 sling (vorpal)
rCold   + + .      Faith    .    g - +4 kite shield {reflect}
rNeg    + + .      Spirit   .    c - +7 faerie dragon scales {rElec rCorr Slay+3}
rPois   +          Reflect  +    (no helmet)
rElec   +          Harm     .    y - +2 cloak {rCorr}
rCorr   +          Rampage  .    P - +3 pair of gloves of Yradwip {rF+ Dex+5}
Will    +++++      Clarity  +    m - +1 pair of boots of Quiet Fog {rC+ rN+ Str+2}
Stlth   +.........               T - amulet of the Four Winds {rN+ Will+++ Clar}
HPRegen 0.49/turn                s - ring "Fonnavosk" {+Blink rF++ rC+ Int-4}
MPRegen 0.30/turn                O - ring of poison resistance

@: studying Hexes
A: reduced essence, clarity, clumsy 1, deformed body, dopey 1, frail 1, high MP
1, heat vulnerability 1, subdued magic 1, noise suppression
0: Orb of Zot
}: 3/15 runes: decaying, serpentine, silver
a: Renounce Religion, Evoke Blink, Recall Ancestor, Ancestor Identity,
Transference, Idealise


You escaped.
You worshipped Hepliaklqana.
Hepliaklqana was exalted by your worship.
You visited 11 branches of the dungeon, and saw 51 of its levels.
You visited 1 bazaar.
You also visited: Trove, Sewer, Ossuary and Ice Cave.

You collected 8846 gold pieces.
You spent 2088 gold pieces at shops.

Inventory:

Hand Weapons
 a - a +6 vorpal double sword
 b - a +2 vorpal sling (weapon)
 p - the +8 spear of Victory {venom, *Noise rElec Int+2}
   (You found it on level 5 of the Vaults)

   It poisons the flesh of those it strikes.
   Int:       It affects your intelligence (+2).
   rElec:     It insulates you from electricity.
   *Noise:    It may make noises in combat.
Armour
 c - the +7 faerie dragon scales (worn) {rElec rCorr Slay+3}
   (You took it off the Enchantress on level 4 of the Depths)

   Slay:      It affects your accuracy & damage with ranged weapons and melee
   (+3).
   rElec:     It insulates you from electricity.
   rCorr:     It protects you from acid and corrosion.
 d - a +1 buckler of poison resistance
 g - a +4 kite shield of reflection (worn)
 k - a +4 ring mail of poison resistance
 m - the +1 pair of boots of Quiet Fog (worn) {rC+ rN+ Str+2}
   (You found it on level 3 of the Elven Halls)

   Str:       It affects your strength (+2).
   rC:        It protects you from cold.
   rN:        It protects you from negative energy.
 y - a +2 cloak of preservation (worn)
 J - a +2 helmet of see invisible
 P - the +3 pair of gloves of Yradwip (worn) {rF+ Dex+5}
   (You acquired it on level 2 of the Depths)

   Dex:       It affects your dexterity (+5).
   rF:        It protects you from fire.
Jewellery
 e - an amulet of reflection
 o - the dreamshard necklace {*Dream Drain}
   (You took it off a tengu reaver on level 5 of the Vaults)

   [amulet of nothing]

   It shatters if its wearer takes lethal or near-lethal damage, preventing the
   blow and releasing protective dreams that heal and fight for the wearer.
   Drain:     It drains your maximum health when unequipped.
 s - the ring "Fonnavosk" (left hand) {+Blink rF++ rC+ Int-4}
   (You took it off a deep elf death mage on level 3 of the Elven Halls)

   [ring of protection from cold]

   Int:       It affects your intelligence (-4).
   rF:        It greatly protects you from fire.
   rC:        It protects you from cold.
   +Blink:    It lets you blink.
 O - a ring of poison resistance (right hand)
 T - the amulet of the Four Winds (around neck) {rN+ Will+++ Clar}
   (You bought it in a shop on level 1 of the Orcish Mines)

   [amulet of nothing]

   rN:        It protects you from negative energy.
   Clar:      It protects you against confusion.
   Will:      It greatly increases your willpower.
Wands
 r - a wand of flame (127)
 C - a wand of paralysis (37)
 R - a wand of digging (1)
 S - a wand of iceblast (26)
 W - a wand of mindburst (2)
Scrolls
 l - a scroll of silence
 n - 10 scrolls of teleportation
 x - 7 scrolls of immolation
 z - 7 scrolls of fog
 A - 6 scrolls of enchant weapon
 D - a scroll of enchant armour
 G - 11 scrolls of poison
 L - 6 scrolls of magic mapping
 Q - 8 scrolls of fear
Potions
 f - 23 potions of curing
 h - 3 potions of berserk rage
 i - 9 potions of heal wounds
 j - a potion of ambrosia
 q - a potion of invisibility
 t - 2 potions of haste
 u - 12 potions of might
 w - 2 potions of magic
 B - 6 potions of cancellation
 H - 4 potions of lignification
 I - 4 potions of flight
 K - 7 potions of brilliance
 M - 3 potions of resistance
 U - 6 potions of mutation
Miscellaneous
 E - a phantom mirror
 F - a lightning rod (4/4)
 N - a box of beasts
 Y - a condenser vane


   Skills:
 - Level 20.0 Fighting
 - Level 1.0(6.9) Short Blades
 - Level 10.9(11.0) Long Blades
 - Level 5.0(5.6) Polearms
 - Level 3.7(5.0) Staves
 - Level 11.5 Ranged Weapons
 - Level 12.0 Armour
 - Level 11.0 Dodging
 - Level 3.0 Stealth
 - Level 15.0 Shields
 + Level 15.5 Spellcasting
 - Level 11.0 Hexes
 O Level 27 Summonings
 + Level 12.7 Translocations
 - Level 6.0 Air Magic
 - Level 7.0 Earth Magic
 - Level 9.0 Invocations
 - Level 5.0 Evocations


You had 7 spell levels left.
You knew the following spells:

 Your Spells              Type           Power      Damage    Failure   Level
a - Summon Small Mammal   Summ           100%       N/A       0%          1
b - Call Imp              Summ           83%        N/A       0%          2
c - Call Canine Familiar  Summ           83%        N/A       0%          3
d - Animate Armour        Summ/Erth      100%       N/A       1%          4
e - Summon Cactus Giant   Summ           41%        N/A       0%          6
f - Summon Hydra          Summ           41%        N/A       1%          7
g - Summon Guardian Gole  Hex/Summ       69%        N/A       0%          3
h - Summon Lightning Spi  Summ/Air       64%        N/A       1%          4
i - Tukima's Dance        Hex            51%        N/A       1%          3
k - Summon Horrible Thin  Summ           41%        N/A       1%          8
m - Malign Gateway        Summ/Tloc      35%        N/A       1%          7
z - Blink                 Tloc           100%       N/A       1%          2

Your spell library contained the following spells:

 Spells                   Type           Power      Damage    Failure   Level
 Apportation              Tloc           100%       N/A       1%          1
 Ensorcelled Hibernation  Hex/Ice        66%        N/A       1%          2
 Momentum Strike          Conj/Tloc      72%        3d10      1%          2
 Confusing Touch          Hex            51%        N/A       1%          3
 Dazzling Flash           Conj/Hex       66%        N/A       1%          3
 Gell's Gravitas          Tloc           56%        N/A       1%          3
 Kindle Blastsparks       Fire/Tloc/Air  70%        2d15      1%          3
 Lesser Beckoning         Tloc           100%       N/A       1%          3
 Teleport Other           Tloc           56%        N/A       1%          3
 Cause Fear               Hex            25%        N/A       1%          4
 Leda's Liquefaction      Hex/Erth       22%        N/A       1%          4
 Manifold Assault         Tloc           56%        N/A       1%          4
 Passage of Golubria      Tloc           56%        N/A       1%          4
 Static Discharge         Conj/Air       48%        2-4/arc   2%          2
 Stone Arrow              Conj/Erth      52%        3d10      4%          3
 Iskenderun's Mystic Bla  Conj/Tloc      36%        2d9       4%          4
 Dispersal                Tloc           28%        N/A       4%          6
 Airstrike                Air            17%        2d(3-19)  5%          4
 Silence                  Hex/Air        21%        N/A       5%          5
 Kiss of Death            Conj/Necr      52%        2d9       6%          1
 Magic Dart               Conj           52%        1d5       6%          1
 Necrotise                Necr           52%        1d6       6%          1
 Anguish                  Hex/Necr       16%        N/A       7%          4
 Fulminant Prism          Conj/Hex       16%        3d10      7%          4
 Scorch                   Fire           26%        2d6       10%         2
 Sublimation of Blood     Necr           13%        N/A       10%         2
 Wereblood                Tmut           13%        N/A       10%         2
 Lee's Rapid Deconstruct  Erth           19%        3d11*     10%         5
 Metabolic Englaciation   Hex/Ice        16%        N/A       19%         5
 Yara's Violent Unravell  Hex/Tmut       16%        3d8       19%         5
 Hailstorm                Conj/Ice       13%        3d5       21%         3
 Ignite Poison            Fire/Tmut/Pois 13%        N/A       21%         3
 Ozocubu's Armour         Ice            13%        N/A       21%         3
 Spider Form              Tmut/Pois      13%        N/A       21%         3
 Vampiric Draining        Necr           13%        2d6       21%         3
 Spellforged Servitor     Conj/Summ      28%        N/A       22%         7
 Borgnjor's Vile Clutch   Necr/Erth      13%        N/A       41%         5
 Lightning Bolt           Conj/Air       12%        1d25      50%         5
 Enfeeble                 Hex            25%        N/A       54%         7
 Animate Dead             Necr           13%        N/A       56%         4
 Dispel Undead            Necr           13%        3d9       56%         4
 Flame Wave               Conj/Fire      13%        2d6       56%         4
 Olgreb's Toxic Radiance  Pois           13%        N/A       56%         4
 Sticky Flame             Conj/Fire      13%        2d4       56%         4
 Freezing Cloud           Conj/Ice/Air   10%        6-21      63%         5
 Agony                    Necr           13%        N/A       89%         5
 Blade Hands              Tmut           6%         N/A       89%         5
 Irradiate                Conj/Tmut      6%         3d13      89%         5
 Iskenderun's Battlesphe  Conj           13%        2d7       89%         5
 Iron Shot                Conj/Erth      13%        9d3       95%         6
 Statue Form              Tmut/Erth      17%        N/A       95%         6
 Death Channel            Necr           6%         N/A       100%        6
 Simulacrum               Ice/Necr       6%         N/A       100%        6
 Starburst                Conj/Fire      6%         6d4       100%        6
 Dragon Form              Tmut           6%         N/A       100%        7
 Orb of Destruction       Conj           6%         9d6       100%        7
 Ozocubu's Refrigeration  Ice            6%         4d8       100%        7
 Storm Form               Tmut/Air       12%        N/A       100%        7
 Dragon's Call            Summ           41%        N/A       10%         9
 Disjunction              Tloc           28%        N/A       94%         8
 Borgnjor's Revivificati  Necr           6%         N/A       100%        8
 Ignition                 Fire           6%         3d4       100%        8
 Necromutation            Tmut/Necr      6%         N/A       100%        8
 Death's Door             Necr           6%         N/A       100%        9
 Fire Storm               Conj/Fire      6%         8d2       100%        9


Dungeon Overview and Level Annotations

Branches:
Dungeon (15/15)            Temple (0/1) D:7            Lair (5/5) D:11
  Swamp (4/4) Lair:3        Snake (4/4) Lair:2        Slime (0/5) Lair:5
    Orc (2/2) D:10            Elf (3/3) Orc:2        Vaults (5/5) D:14
  Crypt (3/3) Vaults:2       Tomb (1/3) Crypt:3      Depths (4/4) D:15
    Zot (5/5) Depths:4      Sewer (visited)         Ossuary (visited)
  IceCv (visited)

Altars:
Ashenzari
Cheibriados
Fedhas
Gozag
Hepliaklqana
Kikubaaqudgha
Nemelex Xobeh
Okawaru
Qazlal
Sif Muna
Trog
Uskayaw
Vehumet
Wu Jian
Yredelemnul
Jiyva

Shops:
D:15 !   Orc:1 [=   Orc:2 ?**   Elf:3 !   Snake:4 (?   Vaults:1 =   Vaults:2 =

Portals:
Hell: Depths:1 Depths:2 Depths:3 Depths:4
Abyss: Depths:2 Depths:3
Pandemonium: Depths:1 Depths:2
Ziggurat: Depths:2

Annotations:
Depths:1 2 transporters, SirDiesAlot's ghost, veteran MiFi
Zot:3 exclusions: 2 draconian scorchers, 6 draconian stormcallers and 1 more exclusion


Innate Abilities, Weirdness & Mutations

Your life essence is reduced to manifest your ancestor. (-10% HP)
You possess an exceptional clarity of mind.
You are clumsy. (Dex -2)
Armour fits poorly on your strangely shaped body.
You are dopey. (Int -2)
You are frail. (-10% HP)
You have an increased reservoir of magic. (+10% MP)
You are vulnerable to heat. (rF-)
Your spells are a little easier to cast, but a little less powerful.
You passively dampen the noise of your surroundings.


Message History

The green death gestures at you. The poison arrow hits you!
You are poisoned.
You partially resist.
Unknown command.
You feel very sick.
Nenetl hits the green death with a +0 broad axe of speed.
Your cactus giant hits the green death with a +0 giant spiked club.
The green death gestures at you.
The bolt of poison hits your cactus giant!
The bolt of poison hits you! You resist.
You feel sick.
You feel sick.
You feel sick.
Your eight-headed hydra bites the green death!
Your eight-headed hydra bites the green death. x2
Your eight-headed hydra bites the green death but does no damage.
Your eight-headed hydra bites the green death.
Your eight-headed hydra bites the green death!
Your eight-headed hydra bites the green death.
Your eight-headed hydra bites the green death!
You feel sick.
The green death hits your eight-headed hydra!!
Your eight-headed hydra bites the green death!
Your eight-headed hydra bites the green death. x2
Your eight-headed hydra barely misses the green death.
Your eight-headed hydra bites the green death!
The green death dies!
You feel sick.
You feel sick.
You feel sick.
You feel sick.
You are no longer poisoned.
Your eight-headed hydra disappears in a puff of smoke!
Nenetl is recalled.
You swap places.
You enter the shallow water.
Moving in this stuff is going to be slow.
There is a staircase leading out of the dungeon here.
You have escaped!

#≈≈≈~~~~≈≈≈≈#
#≈≈≈~...≈≈≈≈#
#≈≈≈≈...~≈≈≈#
#≈~~.....~≈≈#
#≈~...~...~≈#
#≈~..~~~..~≈##########
#≈~.~~~~~.~~#.........
#≈..~~~.~..~##########
#~.~~@≈≈~..~#
#....R~≈≈~.##
#.~~~≈≈≈≈~.##
#.~≈.~~~~~~.#
#.~~~.~..≈≈.#
#..~~.~.≈~~.#
#..~.~.~~...##
##..~...~....#
#...~....#..##


You could see the friendly Nenetl the knight (reflecting).

Vanquished Creatures
  A dread lich (Vaults:5)
  Mennas (Crypt:3)
  2 tentacled monstrosities
  2 quicksilver dragons
  A titan (Vaults:5)
  A death cob (Zot:3)
  A deep elf blademaster (Elf:3)
  A sphinx (Vaults:5)
  2 storm dragons
  A draconian monk (Zot:3)
  A fenstrider witch (shapeshifter) (Vaults:5)
  A draconian knight (IceCv)
  3 vault wardens
  2 ironbound preservers (Vaults:5)
  A curse skull (Crypt:1)
  5 stone giants
  2 very ugly things
  A black draconian (Depths:4)
  A vampire knight (Crypt:1)
  2 deep elf demonologists
  A deep elf annihilator (Elf:3)
  2 white draconians (IceCv)
  A spark wasp (Depths:2)
  A purple draconian (Zot:4)
  A deep elf death mage (Elf:3)
  A jiangshi (Crypt:2)
  An entropy weaver (Vaults:4)
  A yaktaur captain (Vaults:3)
  A spriggan zombie (Crypt:2)
  A great orb of eyes (Vaults:3)
  A hydra (D:15)
  22 vault guards
  A catoblepas (Lair:5)
  An ogre mage (Vaults:5)
  2 dancing weapons (Elf:2)
  3 anacondas
  A death yak (Lair:5)
  2 alligators (Swamp:3)
  2 boulder beetles
  A vampire mage (Crypt:2)
  A shock serpent (shapeshifter) (Elf:2)
  A sun demon (Depths:1)
  A skeletal warrior (D:15)
  A shadow wraith (Crypt:2)
  A golden dragon zombie (Depths:1)
  4 deep trolls
  A flayed ghost (Crypt:3)
  2 swamp dragons (Swamp:4)
  A deep troll (shapeshifter) (Vaults:4)
  3 deep elf archers (Elf:1)
  A naga ritualist (Snake:4)
  A lindwurm (Lair:4)
  5 phantasmal warriors
  A bunyip skeleton (Crypt:2)
  2 mana vipers (Snake:2)
  5 deep elf pyromancers
  7 deep elf zephyrmancers
  An ugly thing (D:15)
  3 elephants
  An iron dragon skeleton (Crypt:2)
  2 will-o-the-wisps
  3 moths of wrath
  2 fire giant skeletons (Crypt:3)
  2 naga magi (Snake:2)
  An ice statue (Swamp:3)
  2 storm dragon simulacra (IceCv)
  5 black mambas
  4 cane toads
  A komodo dragon (Lair:2)
  7 yaktaurs
  A kobold demonologist (D:9)
  2 rime drakes (Lair:4)
  Psyche (D:8)
  A hornet (Swamp:4)
  A troll (D:11)
  4 blink frogs
  A stone giant simulacrum (Depths:1)
  A wyvern (Lair:2)
  2 fire dragon skeletons (Crypt:3)
  6 yaks
  3 wraiths
  3 vampire mosquitoes
  A steam dragon (Lair:4)
  2 water moccasins
  2 swamp worms
  2 orc warriors (Orc:1)
  A swamp drake (Swamp:4)
  A black bear (Lair:1)
  A sky beast (D:7)
  3 wolves (Lair:1)
  A centaur (D:11)
  A phantom (D:4)
  A bullfrog (Lair:3)
  2 necrophages
  A scorpion (D:5)
  2 wights
  A troll zombie (D:10)
  5 killer bees
  An electric eel (D:7)
  A hound (D:5)
  An orc priest (Orc:1)
  6 orc wizards
  3 scorpion zombies (Ossuary)
  4 gnolls
  2 adders
  A white imp (D:6)
  2 worms
  A dart slug (D:1)
  13 orcs
  4 ball pythons
  2 bats
  4 endoplasms
  7 giant cockroaches
  2 gnoll zombies (Ossuary)
  3 goblins (D:2)
  2 hobgoblins
  A jackal (D:1)
  6 frilled lizards
  A hobgoblin zombie (D:10)
  A kobold skeleton (Crypt:1)
  A kobold zombie (Ossuary)
  An orc zombie (D:10)
  3 rats
  A fire vortex (Depths:4)
278 creatures vanquished.

Vanquished Creatures (collateral kills)
  8 orbs of fire (Zot:5)
  2 dread liches (Zot:5)
  7 ancient liches
  A juggernaut (Depths:3)
  4 Killer Klowns
  Bai Suzhen (Vaults:2)
  A curse toe (Zot:5)
  Jory (Depths:4)
  8 golden dragons
  3 bone dragons (Depths:4)
  the Enchantress (Depths:4)
  A Tzitzimitl (Zot:3)
  2 electric golems (Zot:5)
  17 tentacled monstrosities
  3 liches
  Rupert (Lair:2)
  Mlioglotl (Swamp:3)
  A deep elf blademaster (Elf:3)
  27 Orb Guardians
  7 quicksilver dragons
  A deep elf master archer (Elf:3)
  Asterion (Elf:1)
  4 titans
  An eldritch tentacle (Zot:5)
  6 death cobs
  An ancient champion (Crypt:1)
  5 sphinxes
  A thorn hunter (Swamp:3)
  2 tengu reavers (Vaults:5)
  Kirke (Swamp:1)
  4 nagarajas
  7 draconian monks
  9 shadow dragons
  9 storm dragons
  Roxanne (Snake:1)
  5 deep elf sorcerers
  8 fire giants
  2 fenstrider witches
  A revenant (Crypt:3)
  2 frost giants
  6 draconian scorchers
  7 draconian shifters
  6 draconian knights
  13 vault wardens
  4 curse skulls
  Aizul (Snake:1)
  A draconian stormcaller (Zot:1)
  A balrug (Zot:4)
  4 deep elf elementalists (Elf:3)
  3 ghost moths
  3 spriggan defenders
  2 orc warlords
  11 ghouls
  6 stone giants
  27 very ugly things
  6 draconian annihilators
  4 war gargoyles
  A reaper (Depths:2)
  A juggernaut skeleton (Crypt:3)
  8 deep elf demonologists
  6 ironbound thunderhulks
  21 ironbound preservers
  5 purple draconians
  7 vampire knights
  4 eleionomae (Swamp:2)
  13 green draconians
  10 black draconians
  8 yellow draconians
  13 white draconians
  4 bunyips
  12 dire elephants
  4 spark wasps
  6 red draconians
  The ghost of DeathPants the Fighter, a journeyman VSBr of Gozag (Lair:5)
  10 deep elf annihilators
  The ghost of Nyo the Cleaver, a journeyman AtBe of Trog (Lair:4)
  2 eidola
  2 green deaths
  2 blizzard demons
  8 deep elf death magi
  A merfolk javelineer (Depths:1)
  A crystal guardian (Vaults:1)
  7 ettins
  A quicksilver dragon zombie (Crypt:1)
  10 fire dragons
  3 great orbs of eyes
  12 jiangshi
  An entropy weaver (Vaults:4)
  14 vault guards
  5 deep elf high priests
  12 yaktaur captains
  3 salamander tyrants (Snake:4)
  3 rakshasas (Depths:2)
  A peacekeeper (Vaults:1)
  3 catoblepae
  A spriggan zombie (Crypt:3)
  9 hydras
  3 spriggan skeletons
  4 ice dragons
  2 ogre magi (Vaults:5)
  2 spriggan air magi (Depths:4)
  3 death knights (Crypt:2)
  6 anacondas
  4 hell beasts
  7 centaur warriors
  4 ironbound frosthearts
  A ghost crab (Swamp:4)
  4 boulder beetles
  21 dancing weapons
  An alligator (shapeshifter) (Elf:1)
  A two-headed ogre (D:13)
  6 tengu warriors
  5 death yaks (Lair:5)
  2 deep troll shamans (Depths:2)
  2 deep troll earth magi (Depths:2)
  14 naga warriors
  6 alligators
  A titan zombie (Crypt:3)
  An orc high priest (Orc:2)
  4 spriggan berserkers
  5 shock serpents
  4 hell hogs (Zot:4)
  10 sun demons
  11 vampire magi
  9 naga sharpshooters
  Sonja (D:10)
  5 soul eaters (Depths:2)
  An emperor scorpion zombie (Crypt:2)
  3 shadow wraiths
  7 hell knights
  A sixfirhy (Depths:1)
  2 iron trolls
  4 salamander mystics
  14 skeletal warriors
  15 deep elf knights
  2 fire crabs (Swamp:4)
  3 glowing orange brains
  9 flayed ghosts
  Nergalle (D:11)
  An iron giant zombie (Crypt:1)
  2 goliath frogs
  45 deep trolls
  2 spriggan druids
  10 swamp dragons
  9 bog bodies
  24 ironbound convokers
  5 wizards
  10 deep elf archers
  7 lindwurms
  2 orange crystal statues
  5 orc knights
  3 harpies (D:12)
  5 necromancers
  8 naga ritualists
  18 deep elf zephyrmancers
  5 mana vipers
  A frost giant zombie (Depths:1)
  14 phantasmal warriors
  24 deep elf pyromancers
  An oklob plant (Lair:3)
  A stone giant zombie (Depths:1)
  6 orc sorcerers
  53 ugly things
  3 cyclopes
  3 will-o-the-wisps
  10 salamanders
  5 manticores
  16 moths of wrath
  A shining eye (shapeshifter) (Depths:4)
  11 elephants
  4 fire giant skeletons (Crypt:3)
  6 guardian serpents
  15 vault sentinels
  A naga zombie (Crypt:2)
  A frost giant skeleton (Crypt:2)
  29 black mambas
  A dire elephant skeleton (Crypt:3)
  2 smoke demons
  18 naga magi
  An ice statue (Snake:3)
  11 cane toads
  5 gargoyles
  An alligator snapping turtle skeleton (Crypt:3)
  2 orange demons
  2 death yak zombies (Crypt:2)
  An eye of devastation (Lair:5)
  A naga skeleton (Crypt:3)
  A shock serpent skeleton (Crypt:1)
  3 storm dragon simulacra (IceCv)
  2 demonic crawlers (Elf:3)
  An unseen horror zombie (Crypt:1)
  A hellion (D:8)
  2 alligator snapping turtle zombies (Crypt:2)
  7 rime drakes (Lair:4)
  An efreet (D:14)
  An ice devil (D:8)
  7 komodo dragons
  2 freezing wraiths
  2 hellwings (Zot:4)
  34 yaktaurs
  A tormentor (D:15)
  6 tengu conjurers
  A harpy zombie (Crypt:3)
  A white draconian skeleton (Crypt:1)
  3 golden dragon simulacra (IceCv)
  A red devil (Depths:4)
  A polar bear (Lair:5)
  2 tyrant leeches
  3 trolls
  7 hornets
  Prince Ribbit (D:8)
  27 slime creatures
  9 blink frogs
  5 dream sheep (Lair:3)
  An ettin zombie (Crypt:3)
  17 spriggans
  8 fire dragon skeletons (Crypt:3)
  11 wraiths
  A ynoxinul (D:10)
  4 flying skulls (Crypt:1)
  5 vampires
  3 wyverns
  A spriggan (shapeshifter) (Elf:2)
  4 water elementals
  6 shadows
  6 basilisks
  A hog (Swamp:1)
  55 yaks
  3 fire bats (Swamp:4)
  15 steam dragons
  2 chaos spawn (Depths:1)
  Grum (D:11)
  12 vampire mosquitoes
  4 redbacks (Vaults:4)
  43 nagas
  A tengu zombie (Depths:1)
  3 wargs
  3 acid dragons
  19 swamp worms
  4 water moccasins
  2 floating eyes
  22 orc warriors
  A fire bat skeleton (Crypt:1)
  7 ice dragon simulacra (IceCv)
  Pargi (Sewer)
  3 black bears
  6 swamp drakes (Swamp:4)
  A tengu (shapeshifter) (Vaults:5)
  4 ogres
  19 wolves
  5 centaurs
  A phantom (D:10)
  A nameless horror (Lair:2)
  8 bullfrogs
  An earth elemental (Elf:1)
  4 necrophages
  8 scorpions
  A wyvern zombie (Crypt:1)
  7 wights
  2 troll zombies (D:10)
  18 killer bees
  4 lindwurm simulacra (IceCv)
  An electric eel (D:7)
  3 centaur zombies (Ossuary)
  A jelly (D:5)
  2 hounds
  A centaur skeleton (Crypt:2)
  21 orc priests
  A gnoll bouda (D:9)
  An iguana (D:5)
  25 orc wizards
  A boggart zombie (Crypt:2)
  5 scorpion zombies (Ossuary)
  4 ogre zombies (D:10)
  3 mummies (Ossuary)
  4 adders
  5 gnolls
  A river rat (D:4)
  A steam dragon skeleton (Crypt:1)
  A shadow imp (D:6)
  A white imp (D:7)
  A worm (shapeshifter) (Vaults:5)
  A worm (D:4)
  3 dart slugs
  70 orcs
  9 ball pythons
  3 bats
  7 endoplasms
  6 giant cockroaches
  2 goblins
  2 hobgoblins
  5 jackals (D:1)
  8 kobolds
  A quokka (D:3)
  8 frilled lizards
  A gnoll zombie (Ossuary)
  A goblin skeleton (D:10)
  2 goblin zombies
  A hobgoblin skeleton (D:10)
  A hobgoblin zombie (Ossuary)
  A kobold zombie (Ossuary)
  5 orc skeletons (D:10)
  13 orc zombies
  5 rats
1860 creatures vanquished.

Vanquished Creatures (others)
  A pandemonium lord (Depths:4)
  An orb of fire (Zot:5)
  An Orb Guardian (Zot:5)
  A deep elf master archer (Elf:3)
  A death cob (Zot:5)
  9 eldritch tentacles
  A shadow dragon (Zot:2)
  2 vault wardens
  A draconian knight (Zot:1)
  2 deep elf sorcerers (Elf:3)
  A draconian shifter (Zot:1)
  A deep elf elementalist (Elf:3)
  2 spriggan defenders (Depths:4)
  4 very ugly things
  2 green draconians
  A vampire knight (Crypt:3)
  4 dire elephants
  A white draconian (Depths:4)
  A yellow draconian (Zot:2)
  2 purple draconians
  An ettin (D:15)
  Fannar (D:10)
  3 yaktaur captains
  A salamander tyrant (Snake:4)
  A spriggan air mage (Depths:4)
  A hydra (Lair:5)
  An ironbound frostheart (Vaults:1)
  A death knight (Crypt:2)
  5 dancing weapons
  An alligator (Swamp:3)
  2 centaur warriors
  A naga sharpshooter (Snake:2)
  2 spriggan berserkers
  A shock serpent (Snake:3)
  2 deep elf knights (Elf:3)
  2 deep trolls
  4 ugly things
  A deep elf archer (Elf:1)
  4 deep elf zephyrmancers
  2 orc sorcerers
  A lindwurm (Vaults:1)
  2 moths of wrath
  8 elephants
  A naga mage (Snake:4)
  A black mamba (Snake:3)
  A gargoyle (D:10)
  12 yaktaurs
  A rime drake (Lair:4)
  A golden dragon simulacrum (IceCv)
  A troll (D:10)
  2 bloated husks
  4 slime creatures
  9 yaks
  A wraith (Crypt:2)
  A spriggan (Lair:5)
  2 hogs (Swamp:1)
  A human (Swamp:1)
  A vampire mosquito (Elf:3)
  A warg (Orc:2)
  A swamp worm (Swamp:3)
  An ice dragon simulacrum (IceCv)
  4 orc warriors
  A swamp drake (Swamp:4)
  An ogre (Orc:1)
  A necrophage (Crypt:2)
  2 wights (D:8)
  2 killer bees (D:9)
  35 knights
  3 orc priests
  2 orc wizards (Orc:2)
  An ogre zombie (D:10)
  An ancestor (D:7)
  2 orcs (D:8)
  2 orc zombies (D:10)
  3 fire vortices (Depths:4)
  18 foxfires
  45 fungi
  55 plants
  27 withered plants
334 creatures vanquished.

Grand Total: 2472 creatures vanquished

Notes
Turn   | Place    | Note
-------+----------+-------------------------------------------
     0 | D:1      | Lobster4 the Human Summoner began the quest for the Orb.
     0 | D:1      | Reached XP level 1. HP: 13/13 MP: 3/3
   255 | D:1      | Reached XP level 2. HP: 20/20 MP: 1/5
   258 | D:1      | Learned a level 2 spell: Call Imp
   570 | D:1      | Reached XP level 3. HP: 24/25 MP: 3/6
  1070 | D:1      | Reached skill level 1 in Fighting
  1212 | D:1      | Reached XP level 4. HP: 32/32 MP: 4/7
  1337 | D:2      | Reached skill level 1 in Armour
  1987 | D:2      | Reached XP level 5. HP: 37/37 MP: 6/8
  2717 | D:3      | Found an ancient bone altar of Kikubaaqudgha.
  2721 | D:3      | Found an ornate altar of the Wu Jian Council.
  2829 | D:3      | Found a faded altar of an unknown god.
  2878 | D:3      | Learned a level 3 spell: Call Canine Familiar
  3281 | D:4      | You are sucked into a shaft and drop 1 floor!
  3281 | D:5      | Entered Level 5 of the Dungeon
  3395 | D:4      | Reached skill level 5 in Summonings
  3395 | D:4      | Reached XP level 6. HP: 31/43 MP: 2/9
  3536 | D:4      | Found a glowing drain.
  3541 | Sewer    | Entered a sewer
  3729 | Sewer    | Noticed Pargi
  3745 | Sewer    | Killed Pargi
  3746 | Sewer    | Reached skill level 1 in Short Blades
  3746 | Sewer    | Reached skill level 1 in Evocations
  3916 | D:4      | Reached XP level 7. HP: 44/49 MP: 4/11
  4139 | D:4      | Learned a level 3 spell: Summon Guardian Golem
  4148 | D:4      | Reached skill level 1 in Polearms
  4633 | D:5      | Found a blossoming altar of Fedhas.
  4650 | D:5      | Reached skill level 1 in Hexes
  4702 | D:5      | Reached XP level 8. HP: 57/57 MP: 7/13
  4780 | D:5      | Reached skill level 6 in Summonings
  5571 | D:5      | Found an opulent altar of Gozag.
  5971 | D:6      | Found a hazy altar of Hepliaklqana.
  5978 | D:6      | Became a worshipper of Hepliaklqana the Forgotten
  6491 | D:6      | Noticed a +0 dagger
  6492 | D:6      | Found a hide-covered altar of Uskayaw.
  6492 | D:6      | Noticed a +0 hand axe
  6976 | D:6      | Found a basalt altar of Yredelemnul.
  7015 | D:7      | Reached * piety under Hepliaklqana
  7062 | D:7      | Found a staircase to the Ecumenical Temple.
  7082 | D:7      | Reached XP level 9. HP: 51/57 MP: 9/15
  7199 | D:7      | Found a sand-covered staircase.
  7204 | Ossuary  | Entered an ossuary
  7328 | Ossuary  | Reached skill level 7 in Summonings
  8798 | D:8      | Noticed Prince Ribbit
  8816 | D:8      | Killed Prince Ribbit
  8913 | D:8      | Reached skill level 8 in Summonings
  8913 | D:8      | Reached XP level 10. HP: 65/65 MP: 13/17
  8952 | D:8      | Reached ** piety under Hepliaklqana
  8953 | D:8      | Remembered your ancestor Nenetl as a knight
  8991 | D:8      | Learned a level 4 spell: Summon Lightning Spire
  9115 | D:8      | Reached skill level 5 in Spellcasting
  9154 | D:8      | Reached skill level 1 in Air Magic
  9232 | D:8      | Found a stormy altar of Qazlal.
  9501 | D:8      | Noticed Psyche
  9513 | D:8      | Killed Psyche
  9514 | D:8      | Reached skill level 5 in Armour
  9518 | D:8      | Reached skill level 5 in Fighting
  9830 | D:9      | Found a sparkling altar of Nemelex Xobeh.
  9906 | D:9      | Reached skill level 9 in Summonings
 10014 | D:9      | Reached skill level 5 in Polearms
 10155 | D:9      | Found a broken altar of Ashenzari.
 10339 | D:9      | Reached XP level 11. HP: 72/72 MP: 6/19
 10590 | D:9      | Reached *** piety under Hepliaklqana
 10599 | D:9      | Noticed a sun demon
 11073 | D:10     | Entered Level 10 of the Dungeon
 11256 | D:10     | Reached skill level 10 in Summonings
 11653 | D:10     | Found a shimmering blue altar of Sif Muna.
 11666 | D:10     | Got Sif Muna's Almanac of Blows and Bruises
 11675 | D:10     | Noticed Fannar
 11680 | D:10     | Killed Fannar
 11765 | D:10     | Found a bloodstained altar of Trog.
 11960 | D:10     | Found a staircase to the Orcish Mines.
 11994 | D:10     | Learned a level 4 spell: Animate Armour
 12319 | D:10     | Noticed Sonja
 12353 | D:10     | Killed Sonja
 12354 | D:10     | Reached skill level 11 in Summonings
 12354 | D:10     | Reached skill level 5 in Air Magic
 12354 | D:10     | Reached skill level 1 in Earth Magic
 12354 | D:10     | Reached XP level 12. HP: 72/81 MP: 11/22
 12780 | D:11     | Reached **** piety under Hepliaklqana
 12942 | D:11     | Noticed Grum
 12952 | D:11     | Killed Grum
 13167 | D:11     | Found a staircase to the Lair.
 13348 | D:11     | Noticed Nergalle
 13360 | D:11     | Killed Nergalle
 13551 | D:12     | Found a portal to a secret trove of treasure.
 13599 | Trove    | Entered a treasure trove
 13604 | Trove    | Identified the +1 scale mail "Dikown" {Contam rC++ Dex+3}
 13612 | Trove    | Identified the +7 crystal plate armour of Zyog {+Inv Int+4
                  | Dex-3}
 13620 | Trove    | Identified the +10 arbalest of Lies {antimagic, rPois rC+
                  | Str-4}
 13621 | Trove    | Identified the +6 arbalest of Fury {drain, rElec Str+4
                  | Stlth+}
 13624 | Trove    | Identified the +3 leather armour "Xepnomi" {+Blink rC+
                  | Will-}
 14075 | D:12     | Reached skill level 12 in Summonings
 14399 | Lair:1   | Entered Level 1 of the Lair of Beasts
 14552 | Lair:1   | Reached skill level 1 in Ranged Weapons
 15134 | Lair:1   | Reached XP level 13. HP: 88/88 MP: 9/24
 15895 | Lair:2   | Found a staircase to the Snake Pit.
 16054 | Lair:2   | Reached skill level 13 in Summonings
 16055 | Lair:2   | Reached skill level 5 in Earth Magic
 17435 | Lair:3   | Reached XP level 14. HP: 80/97 MP: 16/26
 17823 | Lair:3   | Reached skill level 5 in Ranged Weapons
 17842 | Lair:3   | Reached skill level 14 in Summonings
 18065 | Lair:3   | Found a staircase to the Swamp.
 18717 | Lair:4   | Found an iron altar of Okawaru.
 18955 | Lair:4   | Found a runed translucent door.
 18956 | Lair:4   | Noticed Nyo's ghost (journeyman AtBe)
 19623 | Lair:4   | Reached skill level 10 in Fighting
 20089 | Lair:5   | Entered Level 5 of the Lair of Beasts
 20736 | Lair:5   | Found a viscous altar of Jiyva.
 20736 | Lair:5   | Found a staircase to the Slime Pits.
 20754 | Lair:5   | Paralysed by a floating eye for 3 turns
 20900 | Lair:5   | Reached skill level 15 in Summonings
 21137 | Lair:5   | Found a transporter.
 21140 | Lair:5   | Found a transporter.
 21211 | Lair:5   | Reached XP level 15. HP: 104/104 MP: 1/28
 21465 | Lair:5   | Noticed DeathPants's ghost (journeyman VSBr)
 21516 | Lair:5   | Found a bloodstained altar of Trog.
 21654 | Lair:5   | Reached skill level 10 in Spellcasting
 22396 | Lair:5   | Upgraded the game from 0.30-a0-459-g9104f0fc43 to
                  | 0.30-a0-462-gd5975efbca
 22403 | Lair:5   | Learned a level 6 spell: Summon Cactus Giant
 22411 | Lair:5   | Learned a level 7 spell: Summon Hydra
 22577 | Orc:1    | Entered Level 1 of the Orcish Mines
 22577 | Orc:1    | Found Jasic's Armour Boutique.
 22577 | Orc:1    | Found Ucaibbudaf's Jewellery Boutique.
 23199 | Orc:1    | Reached skill level 1 in Staves
 23938 | Orc:2    | Entered Level 2 of the Orcish Mines
 24132 | Orc:2    | Found a staircase to the Elven Halls.
 24271 | Orc:1    | Noticed an orc warlord
 24284 | Orc:1    | Killed an orc warlord
 24828 | Orc:2    | Reached skill level 16 in Summonings
 25218 | Orc:2    | Found Koil's Magic Scroll Boutique.
 25218 | Orc:2    | Found Ocif Kao's Assorted Antiques.
 25219 | Orc:2    | Found Ocaplez's Assorted Antiques.
 25223 | Orc:2    | Found Fum Duce's Magic Scroll Boutique.
 25227 | Orc:2    | Bought a scroll of identify for 30 gold pieces
 25361 | Orc:2    | Reached ***** piety under Hepliaklqana
 27868 | D:13     | Reached XP level 16. HP: 113/113 MP: 14/30
 28182 | D:14     | Found a gate to the Vaults.
 28707 | D:14     | Found a snail-covered altar of Cheibriados.
 28854 | D:14     | Identified the +3 ring mail of the Desolation of Salt
                  | {rElec rN+}
 29124 | D:15     | Entered Level 15 of the Dungeon
 29566 | D:15     | Reached skill level 5 in Dodging
 29566 | D:15     | Reached skill level 17 in Summonings
 29588 | D:15     | Found Bapp's Distillery.
 30386 | D:15     | Bought a potion of ambrosia for 96 gold pieces
 30548 | D:15     | Found a staircase to the Depths.
 31007 | Elf:1    | Entered Level 1 of the Elven Halls
 31116 | Elf:1    | Identified the ring of Lies {Ice Contam rN++ Will+++ Str-3}
 31116 | Elf:1    | Noticed a deep elf sorcerer
 31130 | Elf:1    | Killed a deep elf sorcerer
 31203 | Elf:1    | Reached skill level 1 in Invocations
 31400 | Elf:1    | Reached skill level 1 in Shields
 31413 | Elf:1    | Reached XP level 17. HP: 111/119 MP: 24/31
 31457 | Elf:1    | Noticed an Ice Fiend
 31728 | Elf:1    | Got Qauf's Handbook of Concussion
 32136 | Elf:1    | Noticed Asterion
 32777 | Elf:1    | Reached skill level 10 in Ranged Weapons
 32857 | Elf:1    | Killed Asterion
 33268 | Elf:2    | Reached skill level 18 in Summonings
 33652 | Elf:2    | Found a runed translucent gate.
 33653 | Elf:2    | Found a runed translucent gate.
 33653 | Elf:2    | Found a runed translucent gate.
 34386 | Elf:2    | Reached ****** piety under Hepliaklqana
 34831 | Elf:3    | Entered Level 3 of the Elven Halls
 34844 | Elf:3    | Identified the +0 robe "Urchucuf" {+Inv rElec rN++}
 35610 | Elf:3    | Found Wagh's Distillery.
 35639 | Elf:3    | Reached XP level 18. HP: 127/127 MP: 11/32
 36180 | Elf:3    | Noticed a deep elf blademaster
 36190 | Elf:3    | Killed a deep elf blademaster
 36205 | Elf:3    | Noticed an Ice Fiend
 36433 | Elf:3    | Reached skill level 5 in Invocations
 37346 | Elf:3    | Identified the ring "Fonnavosk" {+Blink rF++ rC+ Int-4}
 37352 | Elf:3    | Noticed a deep elf master archer
 37386 | Elf:3    | Noticed a deep elf blademaster
 37488 | Elf:3    | Killed a deep elf blademaster
 37489 | Elf:3    | Reached skill level 5 in Shields
 38120 | Elf:3    | Identified the +2 whip of the Crypt {flame, Drain Int+6}
 38363 | Elf:3    | Noticed a deep elf master archer
 38374 | Elf:3    | Killed a deep elf master archer
 38699 | Elf:3    | Reached skill level 19 in Summonings
 39169 | Elf:3    | Identified the +0 scale mail of Refuge {rPois Will- Dex+5}
 39229 | Elf:3    | Killed a deep elf master archer
 39367 | Elf:3    | Identified the +1 pair of boots of Quiet Fog {rC+ rN+
                  | Str+2}
 39943 | Elf:2    | Upgraded the game from 0.30-a0-462-gd5975efbca to
                  | 0.30-a0-465-g8901f6c8b5
 41096 | Elf:2    | Reached XP level 19. HP: 107/135 MP: 2/33
 42277 | Snake:1  | Entered Level 1 of the Snake Pit
 42277 | Snake:1  | Noticed Rupert
 42396 | Orc:1    | Bought the amulet of the Four Winds {rN+ Will+++ Clar} for
                  | 789 gold pieces
 42396 | Orc:1    | Found the amulet of the Four Winds {rN+ Will+++ Clar}
 42819 | Lair:2   | Killed Rupert
 43236 | Snake:1  | Noticed Aizul
 43252 | Snake:1  | Killed Aizul
 43469 | Snake:1  | Reached skill level 1 in Long Blades
 43770 | Snake:1  | Noticed Roxanne
 46085 | Snake:2  | Reached skill level 10 in Armour
 47255 | Snake:3  | Found a gateway to a bazaar.
 47265 | Bazaar   | Entered a bazaar
 47269 | Bazaar   | Found Uwesh's Jewellery Boutique.
 47298 | Bazaar   | Found Qieprad's Distillery.
 47319 | Bazaar   | Found Oniegar's Book Boutique.
 47339 | Bazaar   | Found Doren's Antique Weapon Shoppe.
 47366 | Bazaar   | Bought a runed sling for 99 gold pieces
 47396 | Bazaar   | Bought a potion of haste for 110 gold pieces
 47411 | Bazaar   | Bought a ring of poison resistance for 300 gold pieces
 48439 | Snake:3  | Reached skill level 20 in Summonings
 48718 | Snake:4  | Entered Level 4 of the Snake Pit
 48856 | Snake:4  | Reached XP level 20. HP: 140/143 MP: 18/34
 49216 | Snake:4  | Found Iruasaq's Magic Scroll Emporium.
 49216 | Snake:4  | Found Dawnoul's Antique Weapon Shoppe.
 49242 | Snake:4  | Bought a glowing sling for 126 gold pieces
 49251 | Snake:4  | Bought a scroll of brand weapon for 209 gold pieces
 49252 | Snake:4  | Bought a scroll of brand weapon for 209 gold pieces
 50416 | Snake:4  | Reached skill level 5 in Hexes
 51790 | Snake:4  | Got a serpentine rune of Zot
 52677 | Swamp:1  | Entered Level 1 of the Swamp
 52832 | Swamp:1  | Noticed Kirke
 52835 | Swamp:1  | Killed Kirke
 53769 | Swamp:2  | Identified the ring "Cuseg" {rPois rN+ Str+7 Int-4}
 54314 | Swamp:2  | Found the amulet of Elemental Vulnerability {rPois rF--
                  | rC-- AC+8}
 54507 | Swamp:3  | Found a frozen archway.
 54612 | IceCv    | Entered an ice cave
 55489 | IceCv    | Identified the ring "Noguppa" {rElec Int-3 Dex+2 Slay+4}
 55854 | Swamp:3  | Reached skill level 5 in Long Blades
 56072 | Swamp:3  | Noticed Mlioglotl
 56367 | Swamp:3  | Reached XP level 21. HP: 150/150 MP: 24/36
 56620 | Swamp:3  | Killed Mlioglotl
 56769 | Swamp:4  | Entered Level 4 of the Swamp
 57455 | Swamp:4  | Reached skill level 15 in Fighting
 58547 | Swamp:4  | Got a decaying rune of Zot
 58797 | Vaults:1 | Entered Level 1 of the Vaults
 60054 | Vaults:1 | Found Lurchiel's Jewellery Emporium.
 60479 | Vaults:1 | Learned a level 3 spell: Tukima's Dance
 61544 | Vaults:2 | Reached XP level 22. HP: 158/158 MP: 27/37
 61598 | Vaults:2 | Noticed Bai Suzhen
 61609 | Vaults:2 | Killed Bai Suzhen
 63130 | Vaults:2 | Reached skill level 21 in Summonings
 63236 | Vaults:2 | Found a staircase to the Crypt.
 63236 | Vaults:2 | Found an ancient bone altar of Kikubaaqudgha.
 63236 | Vaults:2 | Found a basalt altar of Yredelemnul.
 63387 | Vaults:2 | Found Uwkopoe's Jewellery Boutique.
 63579 | Vaults:3 | Reached skill level 10 in Dodging
 63868 | Vaults:3 | Reached skill level 10 in Shields
 64175 | Vaults:3 | You fall into a shaft and drop 1 floor!
 65473 | Vaults:3 | Learned a level 2 spell: Blink
 65610 | Vaults:3 | Reached skill level 1 in Translocations
 66038 | Vaults:3 | Reached XP level 23. HP: 149/165 MP: 38/38
 68303 | Depths:1 | Entered Level 1 of the Depths
 68326 | Depths:1 | Identified the +6 great sword of the Tomato {protect, *Rage
                  | rPois rN+ Dex+4}
 68757 | Depths:1 | Found a transporter.
 70237 | Depths:1 | Found a one-way gate leading to the halls of Pandemonium.
 70333 | Depths:1 | Noticed SirDiesAlot's ghost (veteran MiFi)
 70335 | Depths:1 | Noticed a juggernaut
 70355 | Depths:1 | Found a transporter.
 70575 | Depths:1 | Found a gateway to Hell.
 70630 | Depths:2 | Identified a scroll of acquirement
 70640 | Depths:2 | Acquired the +3 pair of gloves of Yradwip {rF+ Dex+5}
 71008 | Depths:2 | Found an iron altar of Okawaru.
 71694 | Depths:2 | Found a shimmering blue altar of Sif Muna.
 72496 | Depths:2 | Reached XP level 24. HP: 146/173 MP: 16/39
 72645 | Depths:2 | Found a one-way gateway to a ziggurat.
 72921 | Depths:2 | Found a one-way gate to the infinite horrors of the Abyss.
 73426 | Depths:3 | Reached skill level 5 in Translocations
 73473 | Depths:3 | Noticed a juggernaut
 73959 | Depths:3 | Killed a juggernaut
 74716 | Depths:4 | Entered Level 4 of the Depths
 74716 | Depths:4 | Noticed a golden dragon
 74727 | Depths:4 | Killed a golden dragon
 75228 | Depths:4 | Found a radiant altar of Vehumet.
 76246 | Depths:4 | Noticed the Enchantress
 76291 | Depths:4 | Killed the Enchantress
 76370 | Depths:4 | Noticed Jory
 76383 | Depths:4 | Killed Jory
 77178 | Depths:4 | Found a gate to the Realm of Zot.
 77736 | Snake:1  | Killed Roxanne
 77957 | Lair:4   | Killed Nyo's ghost
 77958 | Lair:4   | Reached skill level 22 in Summonings
 78109 | Lair:5   | Killed DeathPants's ghost
 78614 | Crypt:1  | Entered Level 1 of the Crypt
 79070 | Crypt:1  | Reached XP level 25. HP: 180/180 MP: 24/40
 79578 | Crypt:1  | Reached skill level 10 in Hexes
 82049 | Crypt:3  | Entered Level 3 of the Crypt
 82080 | Crypt:2  | Found an ancient bone altar of Kikubaaqudgha.
 82560 | Crypt:3  | Noticed Mennas
 82603 | Crypt:3  | Killed Mennas
 83511 | Crypt:3  | Found a staircase to the Tomb.
 83784 | Crypt:3  | Identified the +3 war axe of Lies {elec, *Noise rElec rF+
                  | rN+}
 84981 | Crypt:3  | Found an ancient bone altar of Kikubaaqudgha.
 84983 | Crypt:3  | Noticed an ancient lich
 84993 | Crypt:3  | Killed an ancient lich
 85170 | Crypt:3  | Noticed an ancient lich
 85175 | Crypt:3  | Killed an ancient lich
 85184 | Crypt:3  | Noticed an ancient lich
 85192 | Crypt:3  | Killed an ancient lich
 85731 | Tomb:1   | Entered Level 1 of the Tomb of the Ancients
 85737 | Tomb:1   | Reached XP level 26. HP: 177/190 MP: 34/40
 86069 | Vaults:5 | Entered Level 5 of the Vaults
 86962 | Vaults:5 | a titan changed into a juggernaut
 86962 | Vaults:5 | Noticed a juggernaut (glowing shapeshifter)
 86965 | Vaults:5 | Noticed an ancient lich
 86967 | Vaults:5 | a juggernaut changed into a rockslime
 86972 | Vaults:4 | Reached skill level 23 in Summonings
 87154 | Vaults:5 | HP: 6/191 [ancient lich/crystal spear (46)]
 87172 | Vaults:5 | Killed an ancient lich
 87941 | Vaults:5 | Noticed a dread lich
 88004 | Vaults:5 | Killed a dread lich
 88577 | Vaults:5 | Noticed an ancient lich
 88591 | Vaults:5 | Killed an ancient lich
 88592 | Vaults:5 | Reached skill level 10 in Translocations
 88834 | Vaults:5 | Got a silver rune of Zot
 89365 | Vaults:5 | Identified the +2 leather armour "Bagay" {Dex+4}
 89588 | Vaults:5 | Identified the +8 spear of Victory {venom, *Noise rElec
                  | Int+2}
 89653 | Vaults:5 | Reached skill level 10 in Long Blades
 89653 | Vaults:5 | Reached skill level 15 in Shields
 89747 | Vaults:5 | Reached XP level 27. HP: 198/198 MP: 23/41
 90707 | Zot:1    | Entered Level 1 of the Realm of Zot
 94203 | Zot:2    | Reached skill level 24 in Summonings
 95124 | Zot:3    | Noticed a Killer Klown
 95139 | Zot:3    | Killed a Killer Klown
 97443 | Zot:4    | Reached skill level 5 in Evocations
 98922 | Zot:5    | Entered Level 5 of the Realm of Zot
 99504 | Zot:5    | Learned a level 7 spell: Malign Gateway
 99513 | Zot:5    | Learned a level 8 spell: Summon Horrible Things
 99969 | Zot:5    | Noticed an ancient lich
 99987 | Zot:5    | Killed an ancient lich
100124 | Zot:5    | Reached skill level 25 in Summonings
100215 | Zot:5    | Noticed an orb of fire
100927 | Zot:5    | Noticed an orb of fire
100927 | Zot:5    | Noticed an orb of fire
101151 | Zot:5    | Gained mutation: You do not regenerate when monsters are
                  | visible. [an orb of fire]
101160 | Zot:5    | Killed an orb of fire
101166 | Zot:5    | Gained mutation: Your magical capacity is low. (-10% MP)
                  | [an orb of fire]
101792 | Elf:3    | Bought a potion of mutation for 120 gold pieces
102174 | Swamp:2  | Lost mutation: Your magical capacity is low. (-10% MP)
                  | [potion of mutation]
102174 | Swamp:2  | Lost mutation: You do not regenerate when monsters are
                  | visible. [potion of mutation]
102174 | Swamp:2  | Gained mutation: You occasionally lose the ability to drink
                  | potions when taking damage. [potion of mutation]
102174 | Swamp:2  | Gained mutation: Your spells are a little harder to cast,
                  | but a little more powerful. [potion of mutation]
102175 | Swamp:2  | Lost mutation: You occasionally lose the ability to drink
                  | potions when taking damage. [potion of mutation]
102175 | Swamp:2  | Lost mutation: Your spells are a little harder to cast, but
                  | a little more powerful. [potion of mutation]
102175 | Swamp:2  | Gained mutation: You occasionally lose the ability to drink
                  | potions when taking damage. [potion of mutation]
102175 | Swamp:2  | Gained mutation: You have a pair of small antennae on your
                  | head. [potion of mutation]
102175 | Swamp:2  | Gained mutation: You are agile. (Dex +4, Str/Int -1)
                  | [potion of mutation]
102175 | Swamp:2  | Gained mutation: Your natural rate of healing is unusually
                  | fast. [potion of mutation]
102176 | Swamp:2  | Lost mutation: Your natural rate of healing is unusually
                  | fast. [potion of mutation]
102176 | Swamp:2  | Lost mutation: You have a pair of small antennae on your
                  | head. [potion of mutation]
102176 | Swamp:2  | Gained mutation: You are occasionally teleported next to
                  | monsters. [potion of mutation]
102176 | Swamp:2  | Gained mutation: You have large cloven feet. [potion of
                  | mutation]
102176 | Swamp:2  | Lost mutation: You are agile. (Dex +4, Str/Int -1) [potion
                  | of mutation]
102177 | Swamp:2  | Lost mutation: You have large cloven feet. [potion of
                  | mutation]
102177 | Swamp:2  | Lost mutation: You occasionally lose the ability to drink
                  | potions when taking damage. [potion of mutation]
102177 | Swamp:2  | Lost mutation: You are occasionally teleported next to
                  | monsters. [potion of mutation]
102177 | Swamp:2  | Gained mutation: You have an increased reservoir of magic.
                  | (+10% MP) [potion of mutation]
102177 | Swamp:2  | Gained mutation: You possess an exceptional clarity of
                  | mind. [potion of mutation]
102177 | Swamp:2  | Gained mutation: You passively dampen the noise of your
                  | surroundings. [potion of mutation]
103196 | Zot:5    | Noticed an orb of fire
103208 | Zot:5    | Gained mutation: You are dopey. (Int -2) [an orb of fire]
103214 | Zot:5    | Killed an orb of fire
103455 | Zot:5    | Noticed a Killer Klown
103467 | Zot:5    | Killed a Killer Klown
103468 | Zot:5    | Reached skill level 15 in Spellcasting
103561 | Zot:5    | Gained mutation: Your spells are a little easier to cast,
                  | but a little less powerful. [an orb of fire]
103611 | Zot:5    | Killed an orb of fire
103814 | Zot:5    | Noticed a Killer Klown
103824 | Zot:5    | Killed a Killer Klown
103826 | Zot:5    | Noticed a Killer Klown
103839 | Zot:5    | Killed a Killer Klown
103903 | Zot:5    | Noticed an orb of fire
103912 | Zot:5    | Gained mutation: You are clumsy. (Dex -2) [an orb of fire]
103916 | Zot:5    | Killed an orb of fire
104509 | Zot:5    | Noticed an ancient lich
104510 | Zot:5    | Noticed an orb of fire
104513 | Zot:5    | Noticed an orb of fire
104521 | Zot:5    | Noticed an orb of fire
104526 | Zot:5    | Killed an ancient lich
104527 | Zot:5    | Reached skill level 26 in Summonings
104529 | Zot:5    | Noticed a dread lich
104537 | Zot:5    | Killed a dread lich
104545 | Zot:5    | Gained mutation: You are vulnerable to heat. (rF-)
                  | [mutagenic glow]
104550 | Zot:5    | Gained mutation: You are frail. (-10% HP) [an orb of fire]
104553 | Zot:5    | Killed an orb of fire
104580 | Zot:5    | Killed an orb of fire
104629 | Zot:5    | Gained mutation: Armour fits poorly on your strangely
                  | shaped body. [an orb of fire]
104952 | Zot:5    | Killed an orb of fire
104953 | Zot:5    | Killed an orb of fire
105222 | Zot:5    | Killed an orb of fire
105425 | Zot:5    | Noticed a dread lich
105431 | Zot:5    | Killed a dread lich
105534 | Zot:5    | Reached skill level 27 in Summonings
105874 | Zot:5    | Got the Orb of Zot
106286 | Depths:4 | Noticed Zome Qip the pandemonium lord
106299 | Depths:4 | Killed Zome Qip the pandemonium lord
106699 | D:12     | Noticed Ceallogu the pandemonium lord
106736 | D:12     | Noticed Vaog the pandemonium lord
106852 | D:8      | Noticed Ricw the pandemonium lord
107096 | D:$      | Escaped with the Orb!

Illustrated notes

Levels and vault maps discovered:
D:1:      dpeg_arrival_more_subterranean_lakeside_camping, layout_loops_ring
D:2:      minmay_roachtagon, layout_loops_cross, kennysheep_flooded_box,
          minmay_misc_feat_diagonals
D:3:      layout_loops_corners, mainiacjoe_overflow_large_starburst,
          dreamdust_ecumenical_altar_statues, minmay_misc_feat_secret_circle
D:4:      layout_cave_pools, portal_sewer_entry_e, minmay_misc_feat_rows
D:5:      layout_basic, nicolae_gozag_seed_capital,
          mainiacjoe_overflow_six_doors_small, roderic_lattice_a
D:6:      layout_basic, nzn_hepliaklqana_mist_gate, kennysheep_little_box,
          dancing_weapons_uskayaw, hangedman_decor_push
D:7:      layout_loops_corners, nicolae_overflow_hidden_temple, temple_doors_e,
          nicolae_ossuary_entry_false_entrances, water_boxes_lemuel
D:8:      layout_basic, mainiacjoe_overflow_brackets, uniq_psyche,
          uniq_prince_ribbit1
D:9:      layout_stronghold, mainiacjoe_overflow_catch_the_wave
D:10:     layout_loops_ring, nzn_overflow_gifts_of_might_and_magic,
          zombieorc2_lemuel, minmay_statues_item, uniq_fannar, uniq_sonja
D:11:     layout_irregular_city, grunt_lair_entry_orc_guard_hut,
          nicolae_figureground_sparkle, uniq_nergalle, uniq_grum
D:12:     layout_irregular_city, nicolae_trove_entry_free_sample,
          argonaut_gorgonesque
D:13:     layout_roguey, kennysheep_generic_room_9
D:14:     layout_roguey, erik_vaults_2, serial_corexii_hall,
          corexii_hall_statues_i, corexii_hall_statues_deadend,
          cheibriados_altar_1
D:15:     hangedman_depths_entry_civil_slaughter, layout_long_grid,
          serial_shops, nicolae_shop_competitors_out_of_business,
          hangedman_abyss_or_decor_passed
Lair:1:   layout_roguey, beast_lair_carwin_3
Lair:2:   layout_cave_pods, dummy_snake_entry, chequers_serial_rivers_micro_c
Lair:3:   layout_hall_layers, swamp_mist_pool, nzn_sisyphean_effort,
          lemuel_fruit_fields, grunt_megastairs_4
Lair:4:   layout_loops_ring, basic_altar, gammafunk_ghost_grave,
          bobbens_dragon_lair_wall
Lair:5:   evilmike_catoblepas_cave, layout_gridlike, minmay_slime_entry_eyes,
          gammafunk_ghost_wrathful_warriors
Swamp:1:  layout_basic_swamp, evilmike_swamp_ruin_house_6, uniq_kirke
Swamp:2:  layout_basic_swamp, hangedman_swamp_ruin_wall
Swamp:3:  layout_falls_marsh, portal_ice_cave_entry_ice_statue_one,
          evilmike_swamp_ruin_house_3, nicolae_swamp_treefoil,
          nicolae_swamp_hydra_murder_den, uniq_mlioglotl
Swamp:4:  swamp_fiery, layout_basic_swamp, infiniplex_staircase_pool
Snake:1:  layout_onion_interference, uniq_rupert, uniq_roxanne, uniq_aizul
Snake:2:  nicolae_snake_crotalidae_crossing, layout_chambers
Snake:3:  layout_onion, serial_shops, statue_bzr, grunt_ministairs_6,
          nicolae_coiled_stairwell_down
Snake:4:  snake_pit, layout_onion, grunt_ministairs_10, minmay_shoptagon
Orc:1:    cheibrodos_orc_arena, layout_caves, serial_shops, shop_coins, shop
Orc:2:    st_orc_mages, layout_caves
Elf:1:    eino_elf_arrival_customs, layout_geoelf_grid, minmay_elf_annihilation,
          hangedman_decor_cross_pass, uniq_asterion
Elf:2:    nicolae_elf_blades_crystal_corner, layout_gridlike, minivault_5
Elf:3:    grunt_elf_hall_branching, layout_geoelf_diagonals, serial_shops, shop,
          grunt_ministairs_5, einodemon_crawler_minivault
Vaults:1: vaults_mumra_minichess, ontoclasm_vaults_hangar, v_rooms_5,
          nicolae_vaults_yaktaur_gun_rack, st_lines, v_misc_29, v_rooms_4,
          v_misc_1, nicolae_vaults_theta, ontoclasm_vaults_gateway,
          nicolae_vaults_little_squares_6, layout_vaults_ring, serial_shops,
          nicolae_shop_behind_doors
Vaults:2: hangedman_vaults_capsules, minmay_crypt_entry_necro_gods,
          vaults_mumra_hex, ontoclasm_vaults_loading_screen,
          vaults_room_mumra_shop_pool, ontoclasm_vaults_bender,
          nicolae_vaults_rhombus_6, nicolae_vaults_asterisk,
          grunt_vaults_funnel, v_pattern_1, nicolae_vaults_three_branches,
          hangedman_vaults_stagger, vaults_dpeg_emergency_exit,
          layout_vaults_maze_bifur, uniq_bai_suzhen
Vaults:3: v_pattern_4, nicolae_vaults_asterisk, grunt_vaults_bifocal,
          nicolae_vaults_hallways_thing, ontoclasm_vaults_loading_screen,
          hangedman_vaults_snaps, nicolae_vaults_ring_of_whatevers,
          hangedman_vaults_trim, ontoclasm_vaults_decontamination,
          nicolae_vaults_big_angled_halls, v_misc_10, vaults_dpeg_ring,
          vaults_room_hallway, layout_vaults_omnicross
Vaults:4: v_rooms_6, nicolae_vaults_network_quinsquares
          [nicolae_vaults_network_quincunx_subvault,
          nicolae_vaults_network_quincunx_subvault,
          nicolae_vaults_network_quincunx_subvault,
          nicolae_vaults_network_quincunx_subvault], hangedman_vaults_unwind,
          ontoclasm_vaults_pinch, nicolae_vaults_little_squares_3, v_misc_5,
          nicolae_vaults_asterisk, vaults_room_corners,
          layout_vaults_chaotic_city
Vaults:5: serial_shops
Crypt:1:  layout_chaotic_city
Crypt:2:  layout_regular_city, lemuel_upstairs_altar
Crypt:3:  quadcrypt_mu, uniq_mennas
Tomb:1
Depths:1: layout_gridlike, nzn_ghost_randoct, rand_demon_pan_entry_3,
          pf_coc_iceberg, fountainhead, dk_noncrumbling_2, minivault_16,
          bh_walls_and_bars
Depths:2: kennysheep_ambush_hall, layout_cave_shapes, enter_ziggurat_e,
          hellmouth_2, pan_entry, abyss_entry, lemuel_blue_sif_altar,
          kennysheep_okawaru_gauntlet, infiniplex_staircase_spiral_double
Depths:3: minmay_curly_fans, layout_gridlike, abyss_entry, hell_entry,
          minmay_misc_feat_room, kennysheep_generic_room_3
Depths:4: grunt_zot_entry_hairpin, layout_gridlike, grunt_hell_entry_dis_mu,
          fiery_altar_vehumet, uniq_enchantress, uniq_jory
Zot:1:    layout_basic
Zot:2:    layout_concentric_octagons
Zot:3:    lemuel_draconian_sentries, layout_cathedral_of_symmetry
Zot:4:    kennysheep_blocky_hall, layout_misc_corridors, grunt_ministairs_8,
          uniq_grunn
Zot:5:    layout_gridlike

Skill      XL: |  1  2  3  4  5  6  7  8  9 10 11 12 13 14 15 16 17 18 19 20 21 22 23 24 25 26 27 |
---------------+----------------------------------------------------------------------------------+-----
Fighting       | 1 2 3 4 5 7 8 9 10 11 12 13 14 15 16 17 18 19 20 | 20.0
Armour         | 1 2 3 4 5 6 7 8 9 10 11 12 | 12.0
Summonings     | 5 6 8 9 11 12 13 15 16 17 18 19 20 21 22 23 27 | 27.0
Short Blades   | 1 |  1.0
Stealth        | 3 |  3.0
Spellcasting   | 3 4 5 6 7 8 9 10 11 12 13 14 15 | 15.5
Evocations     | 1 2 3 5 |  5.0
Dodging        | 3 5 6 7 8 9 10 11 | 11.0
Polearms       | 1 2 4 5 |  5.0
Hexes          | 1 2 3 4 6 7 8 9 10 11 | 11.0
Air Magic      | 2 5 6 |  6.0
Earth Magic    | 1 4 6 7 |  7.0
Ranged Weapons | 2 4 6 8 9 10 11 | 11.5
Staves         | 3 |  3.7
Invocations    | 1 4 5 6 7 8 9 |  9.0
Shields        | 1 4 5 6 8 9 10 11 12 13 15 | 15.0
Long Blades    | 3 5 6 8 9 10 | 10.9
Translocations | 1 4 6 8 10 12 | 12.7

Action                   |  1- 3 |  4- 6 |  7- 9 | 10-12 | 13-15 | 16-18 | 19-21 | 22-24 | 25-27 || total
-------------------------+-------+-------+-------+-------+-------+-------+-------+-------+-------++-------
Melee: Unarmed           |     7 |       |       |       |       |       |       |       |       ||     7
       Short sword       |    41 |   140 |       |       |       |       |       |       |       ||   181
       Whip              |     3 |       |       |       |       |       |       |       |       ||     3
       Punch             |       |     1 |       |       |       |       |       |       |       ||     1
       Halberd           |       |    11 |   158 |   139 |    36 |       |       |       |       ||   344
       Double sword      |       |       |       |       |       |       |   197 |   141 |   352 ||   690
 Fire: Arbalest          |       |       |       |       |   178 |   168 |     6 |       |       ||   352
       Sling             |       |       |       |       |       |       |     3 |     4 |    25 ||    32
 Cast: Summon Small Mamm |    48 |    74 |    59 |    92 |   114 |     6 |     7 |     1 |       ||   401
       Call Imp          |       |     8 |    24 |    44 |    74 |    10 |     6 |     4 |       ||   170
       Call Canine Famil |       |     7 |    28 |    36 |    88 |    80 |   108 |    61 |    55 ||   463
       Summon Guardian G |       |       |     1 |    33 |    54 |    81 |   119 |   148 |   159 ||   595
       Animate Armour    |       |       |       |     3 |    60 |    48 |    53 |    46 |    28 ||   238
       Summon Lightning  |       |       |       |     2 |    21 |    28 |    51 |    37 |    47 ||   186
       Summon Cactus Gia |       |       |       |       |    32 |    88 |   135 |   116 |   148 ||   519
       Summon Hydra      |       |       |       |       |     5 |    25 |    50 |    82 |   259 ||   421
       Tukima's Dance    |       |       |       |       |       |       |       |     7 |     1 ||     8
       Summon Horrible T |       |       |       |       |       |       |       |       |    28 ||    28
       Malign Gateway    |       |       |       |       |       |       |       |       |    10 ||    10
Invok: Ancestor Life: Kn |       |       |       |     1 |       |       |       |       |       ||     1
       Recall Ancestor   |       |       |       |     2 |     7 |     8 |     4 |     7 |    21 ||    49
       Transference      |       |       |       |       |       |     1 |       |       |       ||     1
       Idealise          |       |       |       |       |       |       |       |     1 |       ||     1
Evoke: Wand              |       |     2 |     2 |     3 |       |     4 |     5 |     2 |     6 ||    24
       Condenser vane    |       |       |       |       |       |       |     1 |       |       ||     1
       Phantom mirror    |       |       |       |       |       |       |       |       |     2 ||     2
       Lightning rod     |       |       |       |       |       |       |       |       |     3 ||     3
  Use: Scroll            |       |     4 |    10 |     9 |     9 |     6 |    14 |    11 |    16 ||    79
       Potion            |       |       |     1 |     1 |       |     1 |     3 |     3 |    34 ||    43
 Stab: Distracted        |     2 |     4 |     2 |     2 |     1 |       |       |     5 |    24 ||    40
       Sleeping          |     3 |     2 |     2 |     1 |     1 |       |     2 |       |     2 ||    13
       Invisible         |       |       |       |     1 |       |       |       |       |       ||     1
       Paralysed         |       |       |       |     3 |       |       |       |       |       ||     3
Armor: Robe              |     9 |    80 |    10 |       |       |       |       |       |       ||    99
       Leather armour    |       |       |    64 |    68 |    90 |    30 |     2 |       |       ||   254
       Ring mail         |       |       |       |       |       |       |   138 |   101 |       ||   239
       Acid dragon scale |       |       |       |       |       |       |       |    19 |   295 ||   314
       Skin              |       |       |       |       |       |       |       |       |    25 ||    25
Dodge: Dodged            |    36 |   156 |   146 |   157 |   209 |   142 |   196 |   156 |   354 ||  1552
Block: Other             |       |       |       |    30 |    63 |    33 |     1 |       |       ||   127
       Reflection        |       |       |       |     5 |     3 |    10 |    30 |    32 |    19 ||    99
       Buckler           |       |       |       |       |       |       |   187 |   161 |       ||   348
       Kite shield       |       |       |       |       |       |       |       |    19 |   433 ||   452

Table legend: (Time is in decaauts)
 A = Elapsed time spent in this place.
 B = Non-inter-level travel time spent in this place.
 C = Inter-level travel time spent in this place.
 D = Time resting spent in this place.
 E = Time spent auto-exploring this place.
 F = Levels seen in this place.
 G = Mean time per level.
                   A        B        C        D        E       F      G
               +--------+--------+--------+--------+--------+-----+--------+
         Total | 107674 |  97471 |  10203 |  30966 |  43812 |  56 | 1922.8 |
       Dungeon |  21741 |  18574 |   3167 |   2856 |  11648 |  15 | 1449.4 |
          Lair |   9971 |   8615 |   1356 |   2160 |   4560 |   5 | 1994.2 |
         Swamp |   5117 |   4874 |    243 |   2071 |   1581 |   4 | 1279.2 |
     Snake Pit |   9026 |   8586 |    440 |   2627 |   4097 |   4 | 2256.5 |
  Orcish Mines |   3525 |   3201 |    324 |    730 |   1833 |   2 | 1762.5 |
   Elven Halls |  11590 |  10320 |   1270 |   4241 |   3262 |   3 | 3863.3 |
        Vaults |  13965 |  12763 |   1202 |   4528 |   5677 |   5 | 2793.0 |
         Crypt |   7247 |   6868 |    379 |   2249 |   2841 |   3 | 2415.7 |
          Tomb |      8 |      8 |      0 |      0 |      0 |   1 |    8.0 |
        Depths |   9840 |   9087 |    753 |   2935 |   4438 |   4 | 2460.0 |
           Zot |  13367 |  12302 |   1065 |   5837 |   3215 |   5 | 2673.4 |
        Bazaar |    158 |    158 |      0 |      0 |     82 |   1 |  158.0 |
         Trove |    259 |    259 |      0 |    210 |      0 |   1 |  259.0 |
         Sewer |    367 |    367 |      0 |     76 |    149 |   1 |  367.0 |
       Ossuary |    525 |    525 |      0 |     13 |    228 |   1 |  525.0 |
      Ice Cave |    959 |    959 |      0 |    432 |    199 |   1 |  959.0 |
               +--------+--------+--------+--------+--------+-----+--------+

Top non-repeatable levels by time:
   Elf:3: 4647 daAuts
   Zot:5: 4531 daAuts
Vaults:4: 4243 daAuts
 Crypt:3: 3843 daAuts
Depths:4: 3729 daAuts
   Elf:2: 3635 daAuts
   Elf:1: 3307 daAuts
Vaults:1: 3040 daAuts
   Zot:4: 3007 daAuts
 Snake:4: 2966 daAuts
Depths:2: 2674 daAuts
    D:15: 2546 daAuts
 Snake:2: 2541 daAuts
Vaults:3: 2455 daAuts
   Zot:2: 2444 daAuts
